[ AOE2 MATCH · #505008165 ]
UnrankedEthiopians vs Cumans
Player's team · LOSS
Rival team · WIN
[ REPLAY ANALYSIS · EXTRACTED FROM THE RECORDED GAME ]
Feudal
10:06
Castle
21:36
Imperial
—
| APM avg | 33.0 |
| APM peak | 91 |
| eAPM avg | 20.6 |
| Villagers / military | 80 / 41 |
Focus
⚔️ 32.6% · 🌾 67.4%
Spearman ×21 · Militia ×11 · Shotel Warrior ×9
Feudal
9:31
Castle
23:59
Imperial
—
| APM avg | 40.1 |
| APM peak | 64 |
| eAPM avg | 26.2 |
| Villagers / military | 153 / 73 |
Focus
⚔️ 23.1% · 🌾 76.9%
Knight ×42 · Steppe Lancer ×26 · Battering Ram ×5
Match map
Initial resources + every placement click. Lines = walls · curves = elevation contours. ◆ gold · ⬟ stone · ● berries · ✦ relic · ◌ wall gap
Your base· ✓ Closed at 21:36 · 12t walls · 1 gate(s)
~BroKen~'s base· ✓ Closed at 23:59 · 16t walls · no gate
Smoothed initial terrain · ◌ = detected wall gap · hover for details
Inputs per minute
— th3g3ntl3man - - ~BroKen~
Build order — th3g3ntl3man
First 150 of 221 actions detected
| 0:01 | Queue | Villager (Male) |
| 0:01 | Queue | Villager (Male) |
| 0:01 | Queue | Villager (Male) |
| 0:03 | Build | House |
| 0:04 | Build | House |
| 0:06 | Queue | Villager (Male) |
| 1:26 | Queue | Villager (Male) |
| 1:53 | Queue | Villager (Male) |
| 1:58 | Build | Lumber Camp |
| 2:25 | Queue | Villager (Male) |
| 2:25 | Queue | Villager (Male) |
| 2:46 | Queue | Villager (Male) |
| 2:46 | Queue | Villager (Male) |
| 3:21 | Queue | Villager (Male) |
| 3:22 | Queue | Villager (Male) |
| 3:34 | Build | House |
| 4:04 | Queue | Villager (Male) |
| 4:31 | Queue | Villager (Male) |
| 4:31 | Queue | Villager (Male) |
| 4:33 | Queue | Villager (Male) |
| 4:43 | Queue | Villager (Male) |
| 5:16 | Build | Barracks |
| 5:38 | Queue | Villager (Male) |
| 6:06 | Queue | Villager (Male) |
| 6:15 | Build | House |
| 6:22 | Build | Mill |
| 6:39 | Queue | Villager (Male) |
| 6:56 | Queue | Villager (Male) |
| 7:05 | Queue | Villager (Male) |
| 7:34 | Build | House |
| 7:34 | Build | House |
| 7:55 | Research | Feudal Age |
| 7:55 | Research | Feudal Age |
| 8:07 | Queue | Militia |
| 8:07 | Queue | Militia |
| 8:22 | Build | Mining Camp |
| 8:25 | Queue | Militia |
| 8:35 | Build | House |
| 8:55 | Queue | Villager (Male) |
| 9:06 | Build | Mining Camp |
| 9:13 | Queue | Militia |
| 9:25 | Queue | Villager (Male) |
| 9:31 | Queue | Villager (Male) |
| 10:06 | Age | Feudal Age |
| 10:07 | Research | Man-at-Arms (upgrade) |
| 10:07 | Research | Man-at-Arms (upgrade) |
| 10:08 | Research | Double-Bit Axe |
| 10:08 | Research | Double-Bit Axe |
| 10:29 | Build | Watch Tower |
| 10:36 | Queue | Villager (Male) |
| 10:58 | Queue | Villager (Male) |
| 11:03 | Queue | Villager (Male) |
| 11:18 | Queue | Villager (Male) |
| 11:25 | Build | Palisade Wall |
| 11:26 | Build | Palisade Wall |
| 11:26 | Build | Palisade Wall |
| 11:26 | Build | Palisade Wall |
| 11:26 | Build | Palisade Wall |
| 11:27 | Build | Palisade Wall |
| 11:27 | Build | Palisade Wall |
| 11:30 | Research | Loom |
| 11:39 | Queue | Spearman |
| 11:42 | Queue | Villager (Male) |
| 11:48 | Queue | Villager (Male) |
| 12:05 | Build | Watch Tower |
| 12:12 | Queue | Villager (Male) |
| 12:14 | Build | Blacksmith |
| 12:31 | Queue | Villager (Male) |
| 13:09 | Queue | Militia |
| 13:17 | Research | Fletching |
| 13:34 | Queue | Villager (Male) |
| 13:38 | Queue | Villager (Male) |
| 13:39 | Queue | Villager (Male) |
| 13:44 | Queue | Villager (Male) |
| 13:48 | Build | Market |
| 13:56 | Research | Horse Collar |
| 14:24 | Build | Watch Tower |
| 14:27 | Queue | Militia |
| 14:27 | Queue | Militia |
| 14:27 | Queue | Militia |
| 14:31 | Build | Farm |
| 14:32 | Build | Farm |
| 14:32 | Build | Farm |
| 14:32 | Build | Farm |
| 14:32 | Build | Farm |
| 14:33 | Build | Farm |
| 14:56 | Build | Farm |
| 15:09 | Build | House |
| 15:29 | Queue | Villager (Male) |
| 15:31 | Build | Farm |
| 15:33 | Build | Farm |
| 15:34 | Build | Farm |
| 15:39 | Build | House |
| 15:56 | Research | Loom |
| 15:56 | Research | Loom |
| 16:01 | Queue | Villager (Male) |
| 16:04 | Build | Watch Tower |
| 16:37 | Build | Watch Tower |
| 16:48 | Research | Wheelbarrow |
| 17:07 | Build | Farm |
| 17:51 | Build | House |
| 17:52 | Build | House |
| 18:04 | Queue | Villager (Male) |
| 18:14 | Build | Mining Camp |
| 18:34 | Build | Palisade Wall |
| 18:35 | Build | Palisade Wall |
| 18:35 | Build | Palisade Wall |
| 18:36 | Build | Palisade Wall |
| 18:56 | Research | Castle Age |
| 18:56 | Research | Castle Age |
| 19:25 | Build | Palisade Gate |
| 19:26 | Build | House |
| 19:37 | Research | Gold Mining |
| 19:41 | Research | Gold Mining |
| 20:06 | Queue | Militia |
| 20:06 | Queue | Militia |
| 20:09 | Queue | Spearman |
| 20:34 | Build | Outpost |
| 20:38 | Research | Town Watch |
| 21:08 | Research | Scale Mail Armor |
| 21:08 | Research | Scale Mail Armor |
| 21:15 | Build | Farm |
| 21:18 | Build | Farm |
| 21:36 | Age | Castle Age |
| 21:50 | Build | Castle |
| 21:57 | Research | Bodkin Arrow |
| 21:58 | Research | Bodkin Arrow |
| 22:00 | Queue | Villager (Male) |
| 22:16 | Queue | Militia |
| 22:31 | Queue | Villager (Male) |
| 23:21 | Build | Market |
| 23:44 | Queue | Villager (Male) |
| 23:54 | Queue | Villager (Male) |
| 23:54 | Queue | Villager (Male) |
| 23:56 | Queue | Villager (Male) |
| 23:56 | Queue | Villager (Male) |
| 24:00 | Build | Mill |
| 25:00 | Queue | Villager (Male) |
| 25:02 | Queue | Villager (Male) |
| 25:02 | Queue | Villager (Male) |
| 25:13 | Queue | Shotel Warrior |
| 25:13 | Queue | Shotel Warrior |
| 25:13 | Queue | Shotel Warrior |
| 25:14 | Queue | Shotel Warrior |
| 25:29 | Queue | Villager (Male) |
| 25:43 | Queue | Shotel Warrior |
| 25:43 | Queue | Shotel Warrior |
| 25:43 | Queue | Shotel Warrior |
| 25:52 | Queue | Villager (Male) |
| 26:02 | Research | Arson |
Build order — ~BroKen~
First 150 of 337 actions detected
| 0:02 | Queue | Villager (Male) |
| 0:02 | Queue | Villager (Male) |
| 0:02 | Queue | Villager (Male) |
| 0:03 | Build | House |
| 0:04 | Build | House |
| 0:15 | Queue | Villager (Male) |
| 0:16 | Queue | Villager (Male) |
| 1:56 | Queue | Villager (Male) |
| 1:56 | Queue | Villager (Male) |
| 1:56 | Queue | Villager (Male) |
| 1:56 | Queue | Villager (Male) |
| 2:34 | Queue | Villager (Male) |
| 2:34 | Queue | Villager (Male) |
| 2:35 | Queue | Villager (Male) |
| 2:38 | Build | Lumber Camp |
| 2:53 | Queue | Villager (Male) |
| 2:53 | Queue | Villager (Male) |
| 3:30 | Queue | Villager (Male) |
| 3:31 | Queue | Villager (Male) |
| 3:31 | Queue | Villager (Male) |
| 3:41 | Build | House |
| 3:52 | Queue | Villager (Male) |
| 3:52 | Queue | Villager (Male) |
| 4:06 | Queue | Villager (Male) |
| 4:06 | Queue | Villager (Male) |
| 4:15 | Build | House |
| 4:33 | Queue | Villager (Male) |
| 4:33 | Queue | Villager (Male) |
| 5:09 | Build | Mill |
| 5:25 | Queue | Villager (Male) |
| 6:16 | Build | Palisade Wall |
| 6:17 | Build | Palisade Wall |
| 6:24 | Queue | Villager (Male) |
| 6:53 | Research | Loom |
| 7:04 | Research | Feudal Age |
| 7:05 | Research | Feudal Age |
| 9:18 | Queue | Villager (Male) |
| 9:31 | Age | Feudal Age |
| 9:33 | Build | Town Center |
| 9:41 | Queue | Villager (Male) |
| 9:41 | Queue | Villager (Male) |
| 9:48 | Research | Double-Bit Axe |
| 9:48 | Research | Double-Bit Axe |
| 10:01 | Build | House |
| 10:02 | Build | House |
| 10:10 | Build | Palisade Wall |
| 10:11 | Build | Palisade Wall |
| 10:12 | Build | Palisade Wall |
| 10:14 | Build | Palisade Wall |
| 10:19 | Build | Palisade Wall |
| 10:21 | Build | Palisade Wall |
| 10:23 | Build | Palisade Wall |
| 10:25 | Build | Palisade Wall |
| 10:42 | Queue | Villager (Male) |
| 10:43 | Queue | Villager (Male) |
| 11:00 | Build | House |
| 11:01 | Queue | Villager (Male) |
| 11:01 | Queue | Villager (Male) |
| 11:01 | Queue | Villager (Male) |
| 11:06 | Build | Farm |
| 11:10 | Research | Horse Collar |
| 11:10 | Research | Horse Collar |
| 11:12 | Queue | Villager (Male) |
| 11:12 | Queue | Villager (Male) |
| 11:16 | Build | Mining Camp |
| 11:31 | Build | House |
| 11:39 | Build | Farm |
| 11:42 | Build | Farm |
| 11:44 | Queue | Villager (Male) |
| 11:47 | Queue | Villager (Male) |
| 12:03 | Build | House |
| 12:07 | Build | Farm |
| 12:09 | Queue | Villager (Male) |
| 12:26 | Build | Watch Tower |
| 12:35 | Build | Watch Tower |
| 13:06 | Queue | Villager (Male) |
| 13:06 | Queue | Villager (Male) |
| 13:06 | Queue | Villager (Male) |
| 13:11 | Build | House |
| 13:11 | Queue | Villager (Male) |
| 13:12 | Queue | Villager (Male) |
| 13:26 | Build | Palisade Wall |
| 13:29 | Build | Palisade Wall |
| 13:30 | Build | Palisade Wall |
| 13:31 | Build | Palisade Wall |
| 13:32 | Build | Palisade Wall |
| 13:33 | Build | Palisade Wall |
| 13:42 | Queue | Villager (Male) |
| 13:42 | Queue | Villager (Male) |
| 13:42 | Queue | Villager (Male) |
| 13:45 | Build | Farm |
| 13:46 | Build | Farm |
| 13:47 | Build | Farm |
| 13:51 | Build | House |
| 14:00 | Queue | Villager (Male) |
| 14:01 | Queue | Villager (Male) |
| 14:13 | Queue | Villager (Male) |
| 14:13 | Queue | Villager (Male) |
| 14:24 | Build | House |
| 14:25 | Queue | Villager (Male) |
| 14:25 | Queue | Villager (Male) |
| 14:32 | Build | Watch Tower |
| 14:46 | Queue | Villager (Male) |
| 14:47 | Queue | Villager (Male) |
| 15:35 | Queue | Villager (Male) |
| 15:36 | Queue | Villager (Male) |
| 15:36 | Queue | Villager (Male) |
| 15:42 | Build | Farm |
| 15:42 | Build | Farm |
| 15:42 | Build | Farm |
| 15:42 | Build | Farm |
| 15:42 | Build | Farm |
| 15:43 | Build | Farm |
| 15:43 | Build | Farm |
| 15:43 | Build | Farm |
| 15:43 | Build | Farm |
| 15:47 | Queue | Villager (Male) |
| 15:47 | Queue | Villager (Male) |
| 15:48 | Queue | Villager (Male) |
| 15:56 | Build | Farm |
| 16:00 | Build | Farm |
| 16:24 | Queue | Villager (Male) |
| 16:24 | Queue | Villager (Male) |
| 16:35 | Queue | Villager (Male) |
| 16:36 | Queue | Villager (Male) |
| 16:45 | Build | Farm |
| 16:46 | Build | Farm |
| 16:51 | Queue | Villager (Male) |
| 16:51 | Queue | Villager (Male) |
| 17:03 | Queue | Villager (Male) |
| 17:12 | Build | Farm |
| 17:16 | Queue | Villager (Male) |
| 17:16 | Queue | Villager (Male) |
| 17:16 | Queue | Villager (Male) |
| 17:18 | Build | Farm |
| 17:19 | Build | Farm |
| 17:24 | Queue | Villager (Male) |
| 17:24 | Queue | Villager (Male) |
| 17:37 | Queue | Villager (Male) |
| 17:38 | Queue | Villager (Male) |
| 17:45 | Build | Market |
| 17:47 | Queue | Villager (Male) |
| 17:47 | Queue | Villager (Male) |
| 17:52 | Build | Farm |
| 17:57 | Build | Farm |
| 18:06 | Queue | Villager (Male) |
| 18:06 | Queue | Villager (Male) |
| 18:17 | Build | Farm |
| 18:19 | Build | Farm |
| 18:23 | Queue | Villager (Male) |
Match timeline
| 5:16 | th3g3ntl3man · first_building Barracks |
| 6:16 | ~BroKen~ · wall_segment Palisade Wall x1 |
| 6:17 | ~BroKen~ · wall_segment Palisade Wall x1 |
| 9:31 | ~BroKen~ · age_up feudal |
| 10:06 | th3g3ntl3man · age_up feudal |
| 10:10 | ~BroKen~ · wall_segment Palisade Wall x1 |
| 10:11 | ~BroKen~ · wall_segment Palisade Wall x1 |
| 10:12 | ~BroKen~ · wall_segment Palisade Wall x1 |
| 10:14 | ~BroKen~ · wall_segment Palisade Wall x1 |
| 10:19 | ~BroKen~ · wall_segment Palisade Wall x1 |
| 10:21 | ~BroKen~ · wall_segment Palisade Wall x1 |
| 10:23 | ~BroKen~ · wall_segment Palisade Wall x1 |
| 10:25 | ~BroKen~ · wall_segment Palisade Wall x1 |
| 11:25 | th3g3ntl3man · wall_segment Palisade Wall x2 |
| 11:26 | th3g3ntl3man · wall_segment Palisade Wall x1 |
| 11:26 | th3g3ntl3man · wall_segment Palisade Wall x2 |
| 11:26 | th3g3ntl3man · wall_segment Palisade Wall x2 |
| 11:26 | th3g3ntl3man · wall_segment Palisade Wall x2 |
| 11:27 | th3g3ntl3man · wall_segment Palisade Wall x2 |
| 11:27 | th3g3ntl3man · wall_segment Palisade Wall x1 |
| 13:26 | ~BroKen~ · wall_segment Palisade Wall x1 |
| 13:29 | ~BroKen~ · wall_segment Palisade Wall x1 |
| 13:30 | ~BroKen~ · wall_segment Palisade Wall x1 |
| 13:31 | ~BroKen~ · wall_segment Palisade Wall x1 |
| 13:32 | ~BroKen~ · wall_segment Palisade Wall x1 |
| 13:33 | ~BroKen~ · wall_segment Palisade Wall x1 |
| 16:19 | th3g3ntl3man · first_market_buy 100 food |
| 17:58 | th3g3ntl3man · first_market_sell 100 wood |
| 18:21 | ~BroKen~ · first_market_buy 100 food |
| 18:34 | th3g3ntl3man · wall_segment Palisade Wall x1 |
| 18:35 | th3g3ntl3man · wall_segment Palisade Wall x1 |
| 18:35 | th3g3ntl3man · wall_segment Palisade Wall x1 |
| 18:36 | th3g3ntl3man · wall_segment Palisade Wall x1 |
| 20:40 | ~BroKen~ · first_market_sell 100 stone |
| 21:13 | ~BroKen~ · first_building Barracks |
| 21:36 | th3g3ntl3man · age_up castle |
| 21:50 | th3g3ntl3man · first_building Castle |
| 23:19 | ~BroKen~ · first_building Stable |
| 23:59 | ~BroKen~ · age_up castle |
| 24:03 | ~BroKen~ · wall_segment Palisade Wall x2 |
| 24:05 | ~BroKen~ · wall_segment Palisade Wall x5 |
| 24:06 | ~BroKen~ · wall_segment Palisade Wall x4 |
| 24:08 | ~BroKen~ · wall_segment Palisade Wall x7 |
| 24:09 | ~BroKen~ · wall_segment Palisade Wall x4 |
| 24:10 | ~BroKen~ · wall_segment Palisade Wall x1 |
| 24:46 | ~BroKen~ · first_building Siege Workshop |
| 32:15 | th3g3ntl3man · wall_segment Stone Wall x1 |
| 32:17 | th3g3ntl3man · wall_segment Stone Wall x6 |
| 32:25 | th3g3ntl3man · wall_segment Stone Wall x2 |
| 33:26 | th3g3ntl3man · wall_segment Stone Wall x1 |
| 34:00 | th3g3ntl3man · first_building Monastery |
| 34:37 | th3g3ntl3man · wall_segment Stone Wall x2 |
| 35:02 | th3g3ntl3man · resign |
[ AI ANALYSIS · 1 CREDIT ]
What really happened in this match?
Wolo.gg analyzes every decision: build order, eco, micro, common mistakes by bracket. Personalized analysis on WhatsApp or Discord in 30 seconds.
Civ guide
Ethiopians
Perfil
Jugador #1434678